[Event "EU-ch 12th"]
[Site "Aix les Bains"]
[Date "2011.03.30"]
[Round "8"]
[White "Riazantsev, Alexander"]
[Black "Mamedov, Nidjat"]
[Result "1-0"]
[ECO "E90"]
[WhiteElo "2679"]
[BlackElo "2583"]
[Annotator "Marchand,A/Primel,D"]
[PlyCount "45"]
[EventDate "2011.03.22"]
[EventType "swiss"]
[EventRounds "11"]
[EventCountry "FRA"]
[SourceTitle "CBM 142 Extra"]
[Source "ChessBase"]
[SourceDate "2011.06.27"]
[SourceVersion "1"]
[SourceVersionDate "2011.06.27"]
[SourceQuality "1"]
[TimeControl "40/5400+30:1800+30"]

1. d4 Nf6 2. c4 g6 3. Nc3 Bg7 4. e4 d6 5. Nf3 O-O 6. h3 e5 7. d5 a5 8. g4 $5 (
8. Bg5 {La grande ligne}) 8... Na6 9. Be3 h5 $5 (9... Nd7 {Riazantsev,A (2617)
-Inarkiev,E (2675) RUS-ch Higher League 61st 2008 (10) 0-1}) 10. Be2 (10. g5
Nh7 11. Rg1 $13 {Comas Fabrego,L (2430)-Damljanovic,B (2585) Aviles op 1992 1/2
}) (10. Ng5 $5 {Une nouveauté trés intéressante pour économiser le coup Be2
car l'acceptation du sacrifice est trés risquée.} hxg4 (10... Nc5 11. Be2 h4
12. Qc2 Nfd7 13. O-O-O Bh6 14. Qd2 a4 $13) 11. hxg4 Nxg4 (11... Bxg4 12. Be2
Bxe2 (12... Qd7 13. Rh4) 13. Qxe2 Nc5 14. O-O-O a4 15. Bxc5 (15. f4 ) 15... dxc5 16. Nb5 Nxd5 17. f4 $40 (17. Nh7 Nf4)) 12.
Nh7 Nxe3 13. fxe3 Re8 14. Qf3 Nc5 15. O-O-O c6 16. Bh3 $1 Qe7 (16... Qb6) 17.
Bxc8 (17. Rdf1 Kxh7 (17... Bxh3 18. Rxh3 a4 19. Ng5 a3 20. b4 (20. b3 Nxb3+ $1
21. axb3 a2 22. Nxa2 Rxa2 23. Qxf7+ Qxf7 24. Rxf7)) 18. Bxc8+ Kg8 19. Bg4)
17... Raxc8 18. Kb1 a4 19. Rdf1 a3 20. b3 Nd7 21. Ng5 Nf6 (21... Qxg5 22. Qxf7#
)) 10... hxg4 11. Ng5 $5 gxh3 12. Nxh3 {Les Blancs ont réussi а ouvrir la
colonne "h" mais au risque d'être en retard de développement.} Nh7 $1 13. Qd2 f5 14. exf5 Bxf5 15. O-O-O Qd7 $1 $146 ({RR} 15...
Nc5 16. Ng5 Nxg5 17. Bxg5 Qd7 18. Rh4 Kf7 19. Rg1 Rh8 20. Rhg4 a4 21. R4g3 Rh2
22. Be3 Rh4 23. Qd1 e4 24. a3 Nd3+ 25. Kb1 Be5 26. Ka2 Qe8 27. R3g2 Qh8 28. Qd2
Nf4 29. Bxf4 Bxf4 30. Qd1 {Perunovic,M (2459)-Strikovic,A (2573)/Valjevo 2011/
0-1 (40)}) 16. Rh2 Rf7 $6 {[%cal Gf7h7] Trop lent} (16... a4 $1 17. Rdh1 a3 $36
18. b3 Nb4 19. Ng5 Nxg5 20. Bxg5 e4 21. Nd1 (21. Bh6 Bxc3) 21... Nd3+ 22. Bxd3 exd3 23. Bh6 $13 ) 17. Rdh1 Nb4 (17... a4) 18. Ng5 Nxg5 19. Bxg5 e4 $1 20. Qf4 Rff8 21. Rh7 Kf7 $4 {Zeitnot?} (21... Nd3+ 22. Bxd3 exd3
23. Qh4) (21... Rae8) (21... a4) 22. a3 Ke8 23. Qe3 1-0